 Dungeon Crawl Stone Soup version 0.31-a0-667-g39726597b9 (webtiles) character file.

Game seed: 7944654630330926059

2 Revguard the Sneak (level 1, 0/18 HPs)
             Began as a Demonspawn Delver on Sept 4, 2023.
             Slain by an ufetubus (5 damage)
             ... on level 5 of the Dungeon.
             The game lasted 00:00:37 (31 turns).

Revguard the Sneak (Demonspawn Delver)                Turns: 31, Time: 00:00:38

Health: 0/18       AC:  0    Str: 12    XL:     1   Next: 25%
Magic:  1/1        EV: 12    Int: 11    God:
Gold:   5          SH:  0    Dex: 14    Spells: 0/0 levels left

rFire   . . .        a - +0 hand axe
rCold   . . .        (no shield)
rNeg    . . .        (no body armour)
rPois   .            (no helmet)
rElec   .            (no cloak)
rCorr   .            (no gloves)
SInv    .            (no boots)
Will    .....        (no amulet)
Stlth   +++          (no ring)
HPRegen 0.23/turn    (no ring)
MPRegen 0.07/turn

%: no passive effects
@: no status effects
A: no striking features
a: no special abilities


You were on level 5 of the Dungeon.
You visited 1 branch of the dungeon, and saw 1 of its levels.

You collected 5 gold pieces.

Inventory:

Hand Weapons
 a - a +0 hand axe (weapon)
Armour
 b - a +0 leather armour
 h - a +0 ring mail
Wands
 g - a wand of digging (3)
Scrolls
 c - a scroll of fog
 d - a scroll of revelation
 e - a scroll of fear
Potions
 f - a potion of haste


   Skills:
 + Level 3.0 Fighting
 * Level 1.8 Axes
 + Level 0.0 Armour
 + Level 1.8 Dodging
 - Level 4.5 Stealth
 + Level 0.1 Invocations
 + Level 0.0 Evocations


You couldn't memorise any spells.
You didn't know any spells.
Your spell library was empty.

Dungeon Overview and Level Annotations

Branches:
Dungeon (5/15)
 Temple: D:4-7

Altars:


Message History

Okay, then.
Unknown command.
There is a shaft here.
Found a stone staircase leading up.
There is a shaft here.
An orc comes into view. It is wielding a +0 whip.
You now have 5 gold pieces.
Found a ring mail.
A phantom comes into view.
The helpless orc fails to defend itself.
You hit the orc.
The orc is heavily wounded.
The orc closely misses you.
You hit the orc.
You kill the orc!
Things that are here:
a +0 whip; a +0 ring mail; an orc corpse
Found 10 gold pieces.
An ufetubus comes into view.
Found a robe.
You see here a +0 ring mail.
The ufetubus shouts!
You start removing your armour.
You continue taking off your +0 leather armour. x4
The ufetubus completely misses you. The ufetubus closely misses you.
The ufetubus hits you but does no damage.
The ufetubus closely misses you.
You finish taking off your +0 leather armour.
You closely miss the ufetubus. The ufetubus closely misses you.
The ufetubus hits you.
You closely miss the ufetubus. The ufetubus hits you. x3
The ufetubus closely misses you.
You barely miss the ufetubus. The ufetubus closely misses you.
The ufetubus hits you. The ufetubus misses you. The ufetubus hits you.
You hit the ufetubus.
The ufetubus is moderately wounded.
The ufetubus hits you.
* * * LOW HITPOINT WARNING * * *
The ufetubus completely misses you. The ufetubus hits you.
You die...

#.........
#.[.......
#.$....... #####
#......... ...#
#.........
####.###.........
#........5.......
#........@.......
#................
#...)...#######..
######.......#
.............#
.......##....###
.......^.^^.....W
.................
.....^........^..


You could see an ufetubus.

Vanquished Creatures
  An orc (D:5)
1 creature vanquished.

Notes
Turn   | Place    | Note
-------+----------+-------------------------------------------
     0 | D:5      | Revguard the Demonspawn Delver began the quest for the Orb.
     0 | D:5      | Reached XP level 1. HP: 18/18 MP: 1/1
    11 | D:5      | Noticed a phantom
    23 | D:5      | Noticed a hound
    31 | D:5      | Slain by an ufetubus

Illustrated notes

Levels and vault maps discovered:
D:5:      layout_basic, lemuel_crystal_altar, minmay_holes,
          kennysheep_generic_room_8, uniq_sigmund

Action                     || total
---------------------------++-------
  Melee: Hand axe          ||     6
   Stab: Sleeping          ||     1
 Armour: Skin              ||     8
         Leather armour    ||     1
  Dodge: Dodged            ||     9

Table legend: (Time is in decaauts)
 A = Elapsed time spent in this place.
 B = Non-inter-level travel time spent in this place.
 C = Inter-level travel time spent in this place.
 D = Time resting spent in this place.
 E = Time spent auto-exploring this place.
 F = Levels seen in this place.
 G = Mean time per level.
                   A        B        C        D        E       F      G
               +--------+--------+--------+--------+--------+-----+--------+
         Total |     32 |     32 |      0 |      0 |      5 |   1 |   32.0 |
       Dungeon |     32 |     32 |      0 |      0 |      5 |   1 |   32.0 |
               +--------+--------+--------+--------+--------+-----+--------+

Top non-repeatable levels by time:
     D:5: 32 daAuts
